[Event "European Individual Women's Chess Championship 2017"]
[Site "Riga LAT"]
[Date "2017.04.21"]
[Round "10.25"]
[White "Hoolt, Sarah"]
[Black "Cosma, Elena-Luminita"]
[Result "1-0"]
[LiveChessVersion "1.4.8"]
[BlackElo "2316"]
[WhiteElo "2398"]
[ECO "C11"]
[TimeControl "40/5400:1800+30"]

1. e4 e6 2. d4 d5 3. Nc3 Nf6 4. e5 Nfd7 5. f4 c5 6. Nf3 Nc6 7. Be3 a6 8. Qd2 b5 9. Bd3 b4 10. Na4 cxd4 11. Nxd4 Nxd4 12. Bxd4 Qa5 13. b3 Bb7 14. a3 Bc6 15. axb4 Bxb4 16. c3 Be7 17. O-O Qc7 18. b4 Bb5 19. Bxb5 axb5 20. Nc5 O-O 21. Nxd7 Qxd7 22. Qd3 Qc6 23. f5 exf5 24. Qxf5 g6 25. Qf3 Rxa1 26. Rxa1 Ra8 27. Rf1 Qe6 28. Qe2 Qc6 29. h3 Qd7 30. e6 Qxe6 31. Qxb5 Bd6 32. Qd3 Be5 33. Qe3 Bxd4 34. Qxd4 Ra2 35. Rd1 Re2 36. Qxd5 Qe3+ 37. Kh1 Qxc3 38. Rf1 Qc7 39. b5 Re6 40. Ra1 Qc3 41. Rb1 Re1+ 42. Rxe1 Qxe1+ 43. Kh2 Qb4 44. Qa8+ Kg7 45. Qb8 h5 46. b6 Qc5 47. Qc7 Qa5 48. Kg3 g5 49. Kf3 Qd5+ 50. Ke3 Qb3+ 51. Kd4 Qd1+ 52. Kc5 Qc2+ 53. Kd6 Qd3+ 54. Ke7 Qe4+ 55. Kd8 Qa8+ 56. Qc8 Qxg2 57. Qc3+ Kg6 58. Kc7 Qh2+ 59. Kc8 Qd6 60. b7 Qe6+ 61. Kc7 Qe7+ 62. Kb6 Qd8+ 63. Ka7 Qd7 64. Qc4 Qe7 65. Qd3+ Kg7 66. Ka8 Qc5 67. b8=Q Qc6+ 68. Qb7 Qa4+ 69. Kb8 Qe8+ 70. Qc8 Qe5+ 71. Qc7 Qb2+ 72. Kc8 1-0

[Event "European Individual Women's Chess Championship 2017"]
[Site "Riga LAT"]
[Date "2017.04.21"]
[Round "10.26"]
[White "Galojan, Lilit"]
[Black "Ovod, Evgenija"]
[Result "0-1"]
[LiveChessVersion "1.4.8"]
[BlackElo "2382"]
[WhiteElo "2290"]
[ECO "A40"]
[TimeControl "40/5400:1800+30"]

1. d4 e6 2. c4 b6 3. Nf3 Bb7 4. Nc3 Bb4 5. e3 f5 6. Bd3 Nf6 7. O-O Bxc3 8. bxc3 O-O 9. a4 d6 10. a5 Nbd7 11. a6 Be4 12. Be2 Bxf3 13. Bxf3 Rb8 14. Bc6 e5 15. f3 Qe7 16. Qa4 Rbd8 17. Ra2 e4 18. Raf2 g6 19. Qb5 Kg7 20. Bd5 c5 21. Bb7 h5 22. Bd2 h4 23. Re2 Rh8 24. Be1 Rdf8 25. f4 h3 26. g3 Ng4 27. Bf2 Ndf6 28. Rd1 Rd8 29. Bc6 g5 30. fxg5 Nh7 31. Kh1 Nxg5 32. Bg1 Nf3 33. Bd5 Rh6 34. Qc6 Rg6 35. Qb7 Kf6 36. Bc6 Rg7 37. Ba4 Qxb7 38. axb7 Rxb7 39. Ra1 Rc7 40. Bb5 cxd4 41. exd4 d5 42. Be3 Nxe3 43. Rxe3 f4 44. Rxf3 exf3 45. Kg1 fxg3 46. hxg3 dxc4 47. Kf2 Rd5 48. Be8 Rc8 49. Re1 h2 50. Ba4 Rh8 51. Rh1 Ra5 52. Bc6 Ra3 53. Kxf3 Rxc3+ 54. Kf4 Rd3 0-1

[Event "European Individual Women's Chess Championship 2017"]
[Site "Riga LAT"]
[Date "2017.04.21"]
[Round "10.27"]
[White "Charochkina, Daria"]
[Black "Fuchs, Judith"]
[Result "1-0"]
[LiveChessVersion "1.4.8"]
[BlackElo "2274"]
[WhiteElo "2381"]
[ECO "A21"]
[TimeControl "40/5400:1800+30"]

1. c4 e5 2. Nc3 Bb4 3. Nd5 Bc5 4. Nf3 c6 5. Nc3 d6 6. e3 Bb4 7. Qb3 Na6 8. a3 Ba5 9. d4 Qe7 10. Be2 Bg4 11. c5 exd4 12. exd4 Bxf3 13. gxf3 dxc5 14. d5 Nf6 15. dxc6 O-O 16. Be3 Rab8 17. O-O Bxc3 18. bxc3 b5 19. a4 c4 20. Qa3 b4 21. cxb4 Nxb4 22. Bxc4 Rfc8 23. Rfe1 Qc7 24. Rac1 a5 25. Bb5 Nfd5 26. Bc5 Qf4 27. Rc4 Qf5 28. Bd6 Rb6 29. Bxb4 axb4 30. Qc1 h5 31. Qd2 Qxf3 32. Rd4 Rd8 33. Qd3 1-0

[Event "European Individual Women's Chess Championship 2017"]
[Site "Riga LAT"]
[Date "2017.04.21"]
[Round "10.28"]
[White "Papp, Petra"]
[Black "Isgandarova, Khayala"]
[Result "1/2-1/2"]
[LiveChessVersion "1.4.8"]
[BlackElo "2211"]
[WhiteElo "2378"]
[ECO "C11"]
[TimeControl "40/5400:1800+30"]

1. e4 e6 2. d4 d5 3. Nc3 Nf6 4. e5 Nfd7 5. f4 c5 6. Nf3 Nc6 7. Be3 Be7 8. Qd2 b6 9. Nd1 O-O 10. c3 f6 11. Bd3 f5 12. O-O cxd4 13. Nxd4 Nxd4 14. cxd4 Nb8 15. Qe2 Nc6 16. Bb5 Bd7 17. a3 Na5 1/2-1/2

[Event "European Individual Women's Chess Championship 2017"]
[Site "Riga LAT"]
[Date "2017.04.21"]
[Round "10.29"]
[White "Zaksaite, Salomeja"]
[Black "Arakhamia-Grant, Ketevan"]
[Result "1/2-1/2"]
[LiveChessVersion "1.4.8"]
[BlackElo "2374"]
[WhiteElo "2262"]
[ECO "B46"]
[TimeControl "40/5400:1800+30"]

1. e4 c5 2. Nf3 e6 3. d4 cxd4 4. Nxd4 Nc6 5. Nc3 a6 6. Be2 d6 7. O-O Nf6 8. Be3 Be7 9. f4 O-O 10. Kh1 Bd7 11. Qe1 b5 12. a3 Nxd4 13. Bxd4 Bc6 14. Qg3 g6 15. Bd3 Qb8 16. Rae1 b4 17. Nd1 Nh5 18. Qh3 e5 19. fxe5 dxe5 20. Be3 Nf4 21. Bxf4 exf4 22. e5 Bg5 23. Qg4 Qd8 24. axb4 Rb8 25. Nf2 Rxb4 26. Be4 Bd7 27. Qe2 Rxb2 28. Qxa6 Bb5 29. Qa3 Qd4 30. Bd3 Bxd3 31. Qxd3 Rd8 32. Ne4 Qxe5 33. Qc4 Bh6 34. Qc6 Kg7 35. Nf2 Qf6 36. Qxf6+ Kxf6 37. Ng4+ Kg7 38. Nxh6 Kxh6 39. Rxf4 Rxc2 40. Rxf7 Rdd2 41. Rf3 Rxg2 42. Rh3+ Kg7 43. Re7+ Kf6 44. Rhxh7 Rxh2+ 45. Rxh2 Rc1+ 46. Kg2 Kxe7 47. Kg3 Kf6 48. Ra2 Rc3+ 49. Kg4 Rc4+ 50. Kg3 Kg5 51. Ra5+ Kh6 52. Rb5 g5 53. Ra5 Kh5 54. Ra3 Rg4+ 55. Kh3 Re4 56. Rb3 Re5 57. Kg3 Ra5 58. Rc3 g4 59. Rb3 Kg5 60. Rc3 Rb5 1/2-1/2

[Event "European Individual Women's Chess Championship 2017"]
[Site "Riga LAT"]
[Date "2017.04.21"]
[Round "10.30"]
[White "Calzetta Ruiz, Monica"]
[Black "Arabidze, Meri"]
[Result "0-1"]
[LiveChessVersion "1.4.8"]
[BlackElo "2373"]
[WhiteElo "2257"]
[ECO "C91"]
[TimeControl "40/5400:1800+30"]

1. e4 e5 2. Nf3 Nc6 3. Bb5 a6 4. Ba4 Nf6 5. O-O Be7 6. Re1 b5 7. Bb3 d6 8. c3 O-O 9. d4 Bg4 10. d5 Na5 11. Bc2 Nc4 12. h3 Bd7 13. Nbd2 Nb6 14. Nf1 Re8 15. Ng3 Bf8 16. Nh2 Qc8 17. Re3 h6 18. Nh5 Nxh5 19. Qxh5 g6 20. Rg3 Bg7 21. Qf3 Qd8 22. Ng4 Qh4 23. b3 Rf8 24. Bd2 Rab8 25. Re1 c6 26. dxc6 Bxc6 27. Ne3 Kh7 28. Qe2 Nd7 29. Rg4 Qf6 30. c4 Nc5 31. Nd5 Qd8 32. Be3 Ne6 33. Bd3 bxc4 34. Bxc4 f5 35. Rxg6 Kxg6 36. exf5+ Rxf5 37. Qg4+ Ng5 38. h4 Bxd5 39. Bxd5 Qa5 40. Rd1 Rb4 41. Bc4 d5 42. hxg5 hxg5 43. Bxg5 Rxc4 44. bxc4 Rxg5 45. Qe6+ Kh7 46. cxd5 Qa4 47. Rd3 Rh5 48. d6 Qf4 49. Rh3 Qc1+ 50. Kh2 Qf4+ 51. Kg1 Qc1+ 52. Kh2 Rxh3+ 53. gxh3 Qf4+ 54. Kg1 Qg5+ 55. Kf1 Qh6 56. Qf5+ Qg6 57. Qd7 Qb1+ 58. Kg2 Qxa2 59. Qf5+ Kh6 60. d7 Qd5+ 61. Kg3 Qd6 62. Kg4 Bf6 63. Qh5+ Kg7 64. Qe8 Qd3 65. f4 e4 66. h4 e3 67. f5 Qe2+ 68. Kf4 Qf2+ 69. Ke4 Qxh4+ 70. Kxe3 Qg3+ 71. Kd2 Qf4+ 72. Ke2 Qg4+ 73. Kd2 Qxf5 74. d8=Q Qg5+ 75. Kc2 Bxd8 76. Qd7+ Be7 77. Qd4+ Qf6 78. Qc4 Qf5+ 79. Kd1 Qb1+ 80. Kd2 Qb4+ 0-1

[Event "European Individual Women's Chess Championship 2017"]
[Site "Riga LAT"]
[Date "2017.04.21"]
[Round "10.31"]
[White "Badelka, Olga"]
[Black "Ozturk, Kubra"]
[Result "1-0"]
[LiveChessVersion "1.4.8"]
[BlackElo "2261"]
[WhiteElo "2362"]
[ECO "A20"]
[TimeControl "40/5400:1800+30"]

1. c4 e5 2. g3 Nf6 3. Bg2 d5 4. cxd5 Nxd5 5. Nc3 Nb6 6. Nf3 Nc6 7. O-O Be7 8. Rb1 O-O 9. b4 Bf5 10. b5 Nd4 11. d3 Bf6 12. Nd2 c6 13. Nde4 Nxb5 14. Nxb5 cxb5 15. Rxb5 Bd7 16. Nxf6+ Qxf6 17. Ra5 Bc6 18. Bxc6 Qxc6 19. Rxe5 Rfe8 20. Rxe8+ Rxe8 21. e4 Nd7 22. Be3 a5 23. Qe2 Qa6 24. Bd4 Nf8 25. Rd1 Ne6 26. Be3 Rc8 27. Qb2 a4 28. a3 Rd8 29. d4 Nc5 30. Qc2 Nb3 31. Qc7 Qd6 32. Qxd6 Rxd6 33. d5 Kf8 34. Bd2 Rb6 35. Bc3 f6 36. f4 Ke8 37. e5 fxe5 38. fxe5 Nc5 39. e6 Ne4 40. Bb4 Nd6 41. Rc1 1-0

[Event "European Individual Women's Chess Championship 2017"]
[Site "Riga LAT"]
[Date "2017.04.21"]
[Round "10.32"]
[White "Ivanenko, Olga I."]
[Black "Babiy, Olga"]
[Result "1/2-1/2"]
[LiveChessVersion "1.4.8"]
[BlackElo "2359"]
[WhiteElo "2252"]
[ECO "A01"]
[TimeControl "40/5400:1800+30"]

1. b3 Nf6 2. Bb2 e6 3. e3 c5 4. d4 b6 5. Nc3 Bb7 6. Nge2 Be7 7. d5 exd5 8. Nf4 d4 9. exd4 O-O 10. Be2 cxd4 11. Qxd4 Bc5 12. Qd2 d5 13. O-O Ne4 14. Nxe4 dxe4 15. Qc3 Qg5 16. h4 Qh6 17. Rad1 e3 18. fxe3 Nc6 19. Nh5 Rfe8 20. Qxg7+ Qxg7 21. Bxg7 Rxe3 22. Bc4 Re4+ 23. Kh2 Rxh4+ 24. Kg3 Rxh5 25. Bxf7+ Kxg7 26. Bxh5 Kh6 27. Rf6+ Kg5 28. Rf7 Ne7 29. Bf3 Bxf3 30. Kxf3 Kg6 31. Rf4 Nc6 32. Rg4+ Kf6 33. Rf4+ Ke6 34. Rh4 Ne5+ 35. Ke4 Nf7 36. Rh5 Rg8 37. Rd2 Rg7 38. Re2 Ng5+ 39. Kf4+ Kf6 40. Rh6+ Rg6 41. Rxg6+ hxg6 42. Re8 Nf7 43. Ra8 a5 44. Ke4 Ng5+ 45. Kd5 Ne6 46. Kc4 g5 47. c3 g4 48. b4 axb4 49. cxb4 Bf2 50. Kd3 Ke5 51. Ke2 g3 52. a4 Nc7 53. Rc8 Kd6 54. a5 b5 55. Rg8 Kd5 56. Rg6 Ne6 57. Rf6 Bd4 58. Rf7 Kc6 59. Kd3 Bf2 60. a6 Nc7 61. Rf6+ Kd5 62. Rh6 Ne6 63. Rf6 Nd8 64. Ke2 Nc6 65. Rf7 Kd6 66. Rb7 Na7 67. Kd3 Kc6 68. Ke4 Nc8 69. Rh7 Kb6 70. Rh8 Nd6+ 71. Kd5 Nc4 72. Rh6+ Ka7 73. Ke4 Nb6 74. Ke5 Kxa6 75. Kd6 Nc4+ 76. Kc7+ Bb6+ 77. Kc8 Ka7 78. Rh7+ Ka6 79. Rh6 Ne3 80. Rg6 Nxg2 81. Rxg3 Ne3 82. Rg1 Nc2 83. Rg4 Bd4 84. Rg6+ Ka7 85. Rg5 Kb6 86. Rg6+ Ka7 87. Rg5 Ka6 88. Rg6+ Bb6 89. Rg4 Ne3 90. Rg1 Bd4 91. Rg6+ Ka7 92. Rh6 Nc4 93. Rh7+ Kb6 94. Rh6+ Ka7 95. Rh7+ Ka6 96. Rh6+ Nb6+ 97. Kc7 Be3 98. Re6 Bd4 99. Rh6 Be5+ 100. Kc6 Bd4 101. Rh2 Na4 102. Rh7 Nc3 103. Rh4 Bf6 104. Rh6 Bd4 105. Rh4 Bf2 106. Rh3 Bd4 107. Rh4 Bf6 108. Rh6 Bg7 109. Rh7 Be5 110. Rh5 Bd4 111. Rh4 Bf2 112. Rh3 Be1 113. Re3 Bd2 114. Re8 Ka7 115. Re7+ Ka6 116. Re8 Ka7 1/2-1/2

[Event "European Individual Women's Chess Championship 2017"]
[Site "Riga LAT"]
[Date "2017.04.21"]
[Round "10.33"]
[White "Milliet, Sophie"]
[Black "Narva, Mai"]
[Result "1-0"]
[LiveChessVersion "1.4.8"]
[BlackElo "2249"]
[WhiteElo "2352"]
[ECO "B67"]
[TimeControl "40/5400:1800+30"]

1. e4 c5 2. Nf3 Nc6 3. Nc3 d6 4. d4 cxd4 5. Nxd4 Nf6 6. Bg5 e6 7. Qd2 a6 8. O-O-O Bd7 9. f4 b5 10. Bxf6 gxf6 11. Kb1 Qb6 12. Nxc6 Bxc6 13. f5 O-O-O 14. fxe6 fxe6 15. Bd3 Be7 16. Qe2 Bd7 17. a4 b4 18. Bxa6+ Kb8 19. Na2 Bxa4 20. Bc4 Rc8 21. Rd2 Bd7 22. Rhd1 Ka7 23. Bb3 Qa5 24. Rxd6 Bxd6 25. Rxd6 Bb5 26. Qf2+ Kb7 27. Bxe6 Rcd8 28. Bd5+ Kc7 29. Qc5+ Kb8 30. Rb6+ 1-0

[Event "European Individual Women's Chess Championship 2017"]
[Site "Riga LAT"]
[Date "2017.04.21"]
[Round "10.34"]
[White "Toma, Katarzyna"]
[Black "Mammadzada, Gunay"]
[Result "0-1"]
[LiveChessVersion "1.4.8"]
[BlackElo "2348"]
[WhiteElo "2229"]
[ECO "B50"]
[TimeControl "40/5400:1800+30"]

1. e4 c5 2. Nf3 d6 3. c3 Nf6 4. Bd3 Nbd7 5. Bc2 g6 6. O-O Bg7 7. d4 cxd4 8. cxd4 Nb6 9. Nc3 O-O 10. h3 Bd7 11. Re1 d5 12. e5 Ne8 13. Bg5 Nc7 14. a4 a5 15. Bb3 Be6 16. Rc1 Qd7 17. Nh2 Rac8 18. Ng4 Na6 19. Qe2 Nb4 20. f4 Nc4 21. Nf2 Rc6 22. Nb5 b6 23. Rc3 f6 24. exf6 exf6 25. Bh4 Bf7 26. Nd1 Re6 27. Qf2 Rxe1+ 28. Qxe1 Nc6 29. Rc2 Qf5 30. Re2 Qxf4 31. Bxc4 dxc4 32. Bg3 Qg5 33. Bd6 Rc8 34. Ndc3 f5 35. Be5 Nxe5 36. dxe5 Be6 37. Nd6 Rc5 38. Ncb5 Qe7 39. Kh1 h6 40. Qg3 Kh7 41. Qe1 f4 42. Kh2 Rd5 43. Na3 f3 44. gxf3 Rxe5 45. Rxe5 Qxd6 46. f4 Bxe5 47. fxe5 Qd4 48. Qe2 c3 49. bxc3 Qxc3 50. Nb5 Qxh3+ 51. Kg1 Qg3+ 0-1

[Event "European Individual Women's Chess Championship 2017"]
[Site "Riga LAT"]
[Date "2017.04.21"]
[Round "10.35"]
[White "Sandu, Mihaela"]
[Black "Tsolakidou, Stavroula"]
[Result "1/2-1/2"]
[LiveChessVersion "1.4.8"]
[BlackElo "2395"]
[WhiteElo "2261"]
[ECO "B92"]
[TimeControl "40/5400:1800+30"]

1. e4 c5 2. Nf3 d6 3. d4 cxd4 4. Nxd4 Nf6 5. Nc3 a6 6. Be2 e5 7. Nb3 Be7 8. O-O O-O 9. Be3 Be6 10. Qd2 Nbd7 11. a4 Rc8 12. a5 Qc7 13. Rfd1 Rfe8 14. Qe1 h6 15. Nc1 Bf8 16. h3 Qc6 17. Bf3 Qc7 18. Rd2 b5 19. axb6 Nxb6 20. Bxb6 Qxb6 21. Nd3 Ra8 22. Re2 a5 23. b3 Be7 24. Nb2 Rec8 25. Nba4 Qb7 26. Qd1 g6 27. Qd3 Rab8 28. Rd1 h5 29. Qe3 Rc7 30. Red2 Rbc8 31. Rd3 Kg7 32. Re1 Bd7 33. Bd1 Be6 34. Bf3 Nd7 35. Bd1 Nf6 36. Bf3 Qb4 37. Bd1 Bd7 38. Na2 Qa3 39. N2c3 Qb4 40. Na2 Qa3 41. N2c3 Qb4 1/2-1/2

[Event "European Individual Women's Chess Championship 2017"]
[Site "Riga LAT"]
[Date "2017.04.21"]
[Round "10.36"]
[White "Abdulla, Khayala"]
[Black "Warakomska, Anna"]
[Result "1-0"]
[LiveChessVersion "1.4.8"]
[BlackElo "2343"]
[WhiteElo "2241"]
[ECO "A20"]
[TimeControl "40/5400:1800+30"]

1. c4 e5 2. g3 Nc6 3. Bg2 Bc5 4. e3 Nf6 5. Nc3 a6 6. Nge2 Ba7 7. d4 d6 8. Bxc6+ bxc6 9. dxe5 Ng4 10. exd6 Ne5 11. f4 Nxc4 12. dxc7 Qxc7 13. Qd3 Nd6 14. Ne4 Nxe4 15. Qxe4+ Kf8 16. Bd2 Bb7 17. Qc4 Re8 18. e4 c5 19. Nc3 Bxe4 20. Nxe4 Qb7 21. O-O-O Rxe4 22. Qc2 f5 23. Rhe1 Kf7 24. g4 Rhe8 25. gxf5 Qd5 26. Rxe4 Rxe4 27. Bc3 Qxf5 28. Rd7+ Qxd7 29. Qxe4 Kg8 30. Qa8+ Kf7 31. Qe4 Kg8 32. h4 Bb8 33. f5 Kf8 34. f6 gxf6 35. Bxf6 Qd6 36. Bg5 h6 37. Bd2 Kg8 38. Qg4+ Kh7 39. Qe4+ Kg8 40. Qe8+ Qf8 41. Qg6+ Qg7 42. Qe8+ Qf8 43. Qxf8+ Kxf8 44. Bxh6+ Kf7 45. b3 Ke6 46. Kc2 Kd5 47. Kd3 Be5 48. Be3 a5 49. a4 1-0

[Event "European Individual Women's Chess Championship 2017"]
[Site "Riga LAT"]
[Date "2017.04.21"]
[Round "10.37"]
[White "Kantane, Anna"]
[Black "Antova, Gabriela"]
[Result "1-0"]
[LiveChessVersion "1.4.8"]
[BlackElo "2335"]
[WhiteElo "2230"]
[ECO "B96"]
[TimeControl "40/5400:1800+30"]

1. e4 c5 2. Nf3 d6 3. d4 cxd4 4. Nxd4 Nf6 5. Nc3 a6 6. Bg5 e6 7. f4 Nbd7 8. Qf3 Qc7 9. O-O-O b5 10. e5 Bb7 11. Qh3 dxe5 12. Nxe6 fxe6 13. Qxe6+ Be7 14. Bxb5 axb5 15. Nxb5 Qc6 16. Nd6+ Kd8 17. fxe5 Kc7 18. Kb1 Rhb8 19. Qxe7 Nd5 20. Qe6 Nb4 21. c4 Ba6 22. a3 Bxc4 23. Qxc4 Nxe5 24. Qxc6+ Nbxc6 25. Kc2 Rf8 26. Rd2 Ra4 27. Rhd1 Rg4 28. Be3 Na5 29. g3 Nac4 30. Nxc4 Nxc4 31. Rd7+ Kc6 32. Bg1 Re8 33. R7d4 Rxd4 34. Bxd4 g6 35. Kd3 Kd5 36. Rc1 Rc8 37. Rc2 Rc6 38. a4 1-0

[Event "European Individual Women's Chess Championship 2017"]
[Site "Riga LAT"]
[Date "2017.04.21"]
[Round "10.38"]
[White "Gara, Ticia"]
[Black "Doluhanova, Evgeniya"]
[Result "1/2-1/2"]
[LiveChessVersion "1.4.8"]
[BlackElo "2287"]
[WhiteElo "2325"]
[ECO "A05"]
[TimeControl "40/5400:1800+30"]

1. Nf3 Nf6 2. c4 c5 3. Nc3 g6 4. d4 cxd4 5. Nxd4 Bg7 6. e4 O-O 7. Be2 Nc6 8. Be3 d6 9. O-O Bd7 10. Re1 Ne8 11. Qd2 Nc7 12. Rad1 b6 13. Nxc6 Bxc6 14. Bh6 Qd7 15. Bxg7 Kxg7 16. Qd4+ f6 17. Nd5 e5 18. Qd3 Nxd5 19. cxd5 Bb7 20. Qg3 f5 21. exf5 Qxf5 22. Bg4 Qf4 23. f3 Bc8 24. Qxf4 Rxf4 25. Rc1 Bxg4 26. fxg4 Raf8 27. Rc6 Rf2 28. Rxd6 Rxb2 29. Rd7+ Rf7 30. Rxf7+ Kxf7 31. Rxe5 Rxa2 32. d6 Rd2 33. Re7+ Kf6 34. Rxa7 Rxd6 35. Rxh7 Rd2 36. h3 Kg5 37. Kh2 Rb2 38. Rd7 Rb3 39. Rd5+ Kf4 40. Rd6 Kg5 41. Re6 Rb2 42. Re3 Kh4 43. Re5 b5 44. Rd5 Rb3 45. Rc5 Rb2 46. Rc3 b4 47. Rc5 Rb3 48. Rd5 Rc3 49. Rd4 b3 50. g3+ Kg5 51. h4+ Kf6 52. Rd6+ Kf7 53. Rb6 Rc2+ 54. Kh3 b2 55. g5 Rd2 56. g4 Rd3+ 57. Kg2 Rd2+ 58. Kg3 Rd3+ 59. Kf4 Rd4+ 60. Ke5 Rd2 61. Rb7+ Kg8 62. h5 Rf2 63. Ke6 Kh8 64. Rb8+ Kg7 65. h6+ Kh7 66. Ke5 Re2+ 67. Kf4 Rf2+ 68. Ke3 Rg2 69. Kf3 Rc2 70. Rb7+ Kh8 71. Kf4 Re2 72. Kf3 Rc2 73. Kf4 Re2 74. h7 Re7 75. Rxb2 Kxh7 76. Rb5 Kg7 77. Re5 Ra7 78. Re6 Ra4+ 79. Ke5 Ra5+ 80. Kf4 Ra4+ 1/2-1/2

[Event "European Individual Women's Chess Championship 2017"]
[Site "Riga LAT"]
[Date "2017.04.21"]
[Round "10.39"]
[White "Malakhova, Elizaveta"]
[Black "Drljevic, Ljilja"]
[Result "1-0"]
[LiveChessVersion "1.4.8"]
[BlackElo "2237"]
[WhiteElo "2324"]
[ECO "C26"]
[TimeControl "40/5400:1800+30"]

1. e4 e5 2. Nc3 Nf6 3. g3 Bc5 4. Bg2 Nc6 5. Nge2 a6 6. d3 d6 7. h3 O-O 8. O-O Be6 9. Kh2 d5 10. Bg5 dxe4 11. Nxe4 Be7 12. Bxf6 Bxf6 13. Nxf6+ Qxf6 14. Nc3 Rad8 15. f4 exf4 16. Rxf4 Qh6 17. Rh4 Qg6 18. Qg1 Qg5 19. Re1 Rfe8 20. Qf2 Qa5 21. Ra4 Qh5 22. Rae4 Qa5 23. d4 Qb6 24. Na4 Qa5 25. Nc5 Rxd4 26. Nb3 1-0

[Event "European Individual Women's Chess Championship 2017"]
[Site "Riga LAT"]
[Date "2017.04.21"]
[Round "10.40"]
[White "Khomeriki, Nino"]
[Black "Gevorgyan, Maria"]
[Result "1-0"]
[LiveChessVersion "1.4.8"]
[BlackElo "2227"]
[WhiteElo "2308"]
[ECO "A05"]
[TimeControl "40/5400:1800+30"]

1. Nf3 Nf6 2. g3 e6 3. Bg2 d5 4. c4 Be7 5. b3 d4 6. Bb2 c5 7. e3 Nc6 8. exd4 cxd4 9. O-O O-O 10. Re1 Re8 11. a3 a5 12. Ne5 Nxe5 13. Rxe5 Bd6 14. Bxd4 Bxe5 15. Bxe5 Nd7 16. Bb2 e5 17. Nc3 Nf6 18. Nb5 Bg4 19. Qf1 Qxd2 20. Bc3 Qc2 21. Rc1 Qxb3 22. Nc7 Nd7 23. Bd2 Bf5 24. c5 Bd3 25. Qe1 Ba6 26. c6 bxc6 27. Bxc6 Bb7 28. Rc3 Qxc3 29. Bxc3 Bxc6 30. Nxe8 Rxe8 31. Bxa5 Bf3 32. Qc3 e4 33. Bc7 Nf6 34. Qc6 h5 35. a4 Re7 36. Bd6 Re6 37. a5 Ne8 38. a6 Rxd6 39. Qxe8+ Kh7 40. Qa4 Rb6 41. Qa1 Rb8 42. a7 Ra8 43. Qa5 Kg6 44. Qb6+ f6 45. Qb8 e3 46. fxe3 Be4 47. Kf2 f5 48. Ke2 Kf6 49. h4 Ke6 50. Kd2 Kf6 51. Kc3 Kf7 52. Kd4 Ke6 53. Kc5 Ke7 54. Qc7+ Kf6 55. Qd6+ Kf7 56. Qd7+ Kf8 57. Qd6+ Kf7 58. Qb8 Ke6 59. Kd4 Kf6 60. Qb6+ Kf7 61. Ke5 Re8+ 62. Kf4 Re6 63. Qc7+ Re7 64. Qc4+ Kf8 65. Qc8+ Re8 66. Qc5+ Kf7 67. Kg5 g6 68. Qc4+ Re6 69. Kh6 Ba8 70. Qb3 Be4 71. Qa2 Ba8 72. Qc4 Bf3 73. Qc8 Re8 74. Qa6 Rh8+ 75. Kg5 Rg8 76. Qf6+ Ke8 77. Qe6+ Kf8 78. Kf6 1-0

[Event "European Individual Women's Chess Championship 2017"]
[Site "Riga LAT"]
[Date "2017.04.21"]
[Round "10.41"]
[White "Berzina, Ilze"]
[Black "Balajayeva, Khanim"]
[Result "1/2-1/2"]
[LiveChessVersion "1.4.8"]
[BlackElo "2196"]
[WhiteElo "2297"]
[ECO "C97"]
[TimeControl "40/5400:1800+30"]

1. e4 e5 2. Nf3 Nc6 3. Bb5 a6 4. Ba4 Nf6 5. O-O Be7 6. Re1 b5 7. Bb3 d6 8. c3 O-O 9. h3 Na5 10. Bc2 c5 11. d4 Qc7 12. d5 Bd7 13. b3 Nb7 14. Nbd2 a5 15. Nf1 Rfc8 16. g4 h5 17. N3h2 hxg4 18. hxg4 Nh7 19. Ng3 Bg5 20. Kg2 f6 21. Rh1 Nd8 22. Nf5 Bxc1 23. Qxc1 Be8 24. Nf3 Nf7 25. Qg1 Nf8 26. Qh2 g6 27. g5 fxg5 28. Nh6+ Nxh6 29. Qxh6 Qg7 30. Nxg5 Qxh6 31. Rxh6 c4 32. Rh3 cxb3 33. axb3 a4 1/2-1/2

[Event "European Individual Women's Chess Championship 2017"]
[Site "Riga LAT"]
[Date "2017.04.21"]
[Round "10.42"]
[White "Utiatskaja, Irina"]
[Black "Daulyte, Deimante"]
[Result "0-1"]
[LiveChessVersion "1.4.8"]
[BlackElo "2443"]
[WhiteElo "2152"]
[ECO "A41"]
[TimeControl "40/5400:1800+30"]

1. d4 d6 2. Nf3 Nf6 3. c4 g6 4. Nc3 Bf5 5. h3 Bg7 6. Bf4 O-O 7. e3 Ne4 8. Nxe4
Bxe4 9. Bd3 Bxf3 10. gxf3 e5 11. dxe5 dxe5 12. Bh2 Na6 13. a3 Nc5 14. Bc2
Qe7 15. Qe2 Rfd8 16. O-O Ne6 17. f4 exf4 18. exf4 Qf6 19. Be4 c6 20. Rab1 Bh6 21. b4 Bxf4 22. Bxf4 Nxf4 23. Qf3
Qh4 24. Rb3 Nxh3+ 25. Qxh3 Qxe4 26. Qh6 Rd3 27. Rxd3 Qxd3 28.
Re1 Qxa3 29. Re4 a5 30. Kg2 Qa1 31. bxa5 Qg7 32. Qd2 Qf6 33.
Qh6 Rd8 34. Rh4 Qg7 35. Qe3 f5 36. Qe6+ Kf8 37. c5 Qd7 38. Qf6+ Kg8 39. Rb4 Rf8 40. Qe5 Rd8 41. Qf6 Re8 42.
Qb2 Qd5+ 43. f3 Re3 44. Qf2 Rd3 45. Rb2 f4 46. Re2 g5 47. Re4
Kf7 48. Kf1 Rd2 49. Re2 Qd3 0-1

[Event "European Individual Women's Chess Championship 2017"]
[Site "Riga LAT"]
[Date "2017.04.21"]
[Round "10.43"]
[White "Houska, Jovanka"]
[Black "Petrenko, Svetlana"]
[Result "1-0"]
[LiveChessVersion "1.4.8"]
[BlackElo "2136"]
[WhiteElo "2397"]
[ECO "A49"]
[TimeControl "40/5400:1800+30"]

1. d4 Nf6 2. Nf3 g6 3. g3 Bg7 4. Bg2 d5 5. O-O O-O 6. c4 dxc4 7. Na3 c6 8. Nxc4 Be6 9. b3 Ne4 10. Bb2 f5 11. e3 Nd7 12. Qe2 Qc7 13. Rac1 Rae8 14. Rfd1 Bd5 15. Ne1 b5 16. Ne5 Nxe5 17. dxe5 Qb7 18. Nd3 a5 19. f3 Ng5 20. h4 Nf7 21. Nf4 Bh6 22. e6 Nd6 23. Nxd5 cxd5 24. Rc5 f4 25. exf4 Qb6 26. Qf2 Nf5 27. Rcxd5 Qxe6 28. Be5 a4 29. Bf1 axb3 30. Bxb5 Ra8 31. axb3 Ng7 32. Bc4 Kh8 33. Rd7 Qc6 34. Rxe7 Rad8 35. Rxd8 Rxd8 36. g4 1-0

[Event "European Individual Women's Chess Championship 2017"]
[Site "Riga LAT"]
[Date "2017.04.21"]
[Round "10.44"]
[White "Sazonova, Anastasia"]
[Black "Michna, Marta"]
[Result "1/2-1/2"]
[LiveChessVersion "1.4.8"]
[BlackElo "2389"]
[WhiteElo "2143"]
[ECO "C00"]
[TimeControl "40/5400:1800+30"]

1. e4 e6 2. d4 d5 3. Bd3 Nf6 4. e5 Nfd7 5. Ne2 c5 6. c3 Nc6 7. O-O Be7 8. a3 a5 9. Be3 c4 10. Bc2 b5 11. Nd2 Nb6 12. f4 g6 13. g4 Bd7 14. Ng3 Qc7 15. f5 O-O-O 16. f6 Bf8 17. h4 h6 18. Qe2 Kb7 19. Rfb1 Rb8 20. Bf2 Kc8 21. Nf3 Na7 22. Be1 Bc6 23. Kh2 Nd7 24. Kh3 Rb7 25. Nf1 Qb8 1/2-1/2

[Event "European Individual Women's Chess Championship 2017"]
[Site "Riga LAT"]
[Date "2017.04.21"]
[Round "10.45"]
[White "Arda, Cagil Irmak"]
[Black "Savina, Anastasia"]
[Result "0-1"]
[LiveChessVersion "1.4.8"]
[BlackElo "2378"]
[WhiteElo "2089"]
[ECO "B41"]
[TimeControl "40/5400:1800+30"]

1. e4 c5 2. Nf3 e6 3. d4 cxd4 4. Nxd4 a6 5. c4 b6 6. a3 Bb7 7. Nc3 Qc7 8. Be3 Nf6 9. f3 Nc6 10. Be2 Nh5 11. g3 Bc5 12. b4 Bxd4 13. Bxd4 O-O 14. Bf2 f5 15. O-O fxe4 16. Nxe4 Ne5 17. c5 b5 18. Bd4 Bxe4 19. fxe4 Nf6 20. Bb2 Rad8 21. Qd4 Nc6 22. Qe3 e5 23. Rad1 d6 24. Bf3 Qa7 25. Rc1 Kh8 26. Kh1 Nd7 27. Bg4 dxc5 28. Bxd7 Qxd7 29. Qxc5 Rxf1+ 30. Rxf1 Qe8 31. Rf5 h6 32. Bxe5 Kh7 33. Bd6 Qxe4+ 34. Kg1 Nd4 35. Rf2 Nf3+ 36. Kf1 Qd3+ 37. Kg2 Ne1+ 38. Kg1 Rxd6 0-1

[Event "European Individual Women's Chess Championship 2017"]
[Site "Riga LAT"]
[Date "2017.04.21"]
[Round "10.46"]
[White "Mamedjarova, Turkan"]
[Black "Tsiganova, Monika"]
[Result "1-0"]
[LiveChessVersion "1.4.8"]
[BlackElo "2111"]
[WhiteElo "2267"]
[ECO "E16"]
[TimeControl "40/5400:1800+30"]

1. d4 Nf6 2. Nf3 e6 3. c4 Bb4+ 4. Bd2 Qe7 5. a3 Bxd2+ 6. Nbxd2 a5 7. e3 d6 8. Qc2 O-O 9. Bd3 Nbd7 10. g4 Nxg4 11. Bxh7+ Kh8 12. Bd3 e5 13. Rg1 Nh6 14. O-O-O f5 15. Ng5 e4 16. Be2 c6 17. Rg2 Nf6 18. Nh3 Rg8 19. Rdg1 Nh7 20. Rg6 Nf8 21. R6g5 g6 22. Nf4 Kh7 23. h4 Nf7 24. R5g3 Bd7 25. Kb1 Nh8 26. f3 Re8 27. fxe4 fxe4 28. Bg4 Bxg4 29. Rxg4 Nd7 30. Qd1 Nf6 31. Rg5 Qf7 32. Qe2 d5 33. c5 Kh6 34. Rf1 Qe7 35. Qg2 Nh7 36. Rg3 Ref8 37. Rg1 Rf6 38. Nf1 Qf7 39. Nh2 Rxf4 40. exf4 Qxf4 41. Rf1 Qc7 42. Ng4+ Kg7 43. Ne5 Kh6 44. Qd2+ Kg7 45. h5 Rf8 46. Rxf8 Nxf8 47. Qg5 Nf7 48. h6+ Nxh6 49. Nxg6 Nf7 50. Nxf8+ Kxf8 51. Qg7+ Ke7 52. Qg4 a4 53. Qh4+ Kf8 54. Rg6 Qa5 55. Qf2 Qb5 56. Rg3 b6 57. cxb6 Qxb6 58. Qf6 Qb5 59. Ka1 Qe2 60. Rg1 Qf3 61. Qxc6 e3 62. Re1 e2 63. Qc2 Qe3 64. Qxe2 Qxd4 65. Qe7+ Kg8 66. Rf1 Nh6 67. Rf8# 1-0